 Dungeon Crawl Stone Soup version 0.29.1-1-gd02db69 (webtiles) character file.

Game seed: 15088677300470902865

16 samcosmo the Sneak (level 2, -3/16 HPs)
             Began as a Kobold Enchanter on Apr 5, 2023.
             Frozen to death by an endoplasm (4 damage)
             ... on level 1 of the Dungeon.
             The game lasted 00:02:39 (522 turns).

samcosmo the Sneak (Kobold Enchanter)                Turns: 522, Time: 00:02:40

Health: -3/16      AC:  2    Str:  5    XL:     2   Next: 75%
Magic:  5/5        EV: 15    Int: 16    God:
Gold:   63         SH:  0    Dex: 15    Spells: 3/5 levels left

rFire   . . .      SeeInvis .   a - +1 dagger
rCold   . . .      Faith    .   (no shield)
rNeg    . . .      Spirit   .   b - +0 robe
rPois   +          Reflect  .   (no helmet)
rElec   .          Harm     .   (no cloak)
rCorr   .          Rampage  .   (no gloves)
Will    .....                   (no boots)
Stlth   ++++......              (no amulet)
HPRegen 0.05/turn               e - ring of flight
MPRegen 0.09/turn               h - ring of poison resistance

@: flying
A: small, no large weapons, nightstalker 3
a: no special abilities


You were on level 1 of the Dungeon.
You visited 1 branch of the dungeon, and saw 1 of its levels.

You collected 63 gold pieces.

Inventory:

Hand Weapons
 a - a +1 dagger (weapon)
Armour
 b - a +0 robe (worn)
 f - a scarf of harm
Jewellery
 e - a ring of flight (left hand)
 h - a ring of poison resistance (right hand)
Scrolls
 g - a scroll of fear {unknown}
Potions
 c - 2 potions of invisibility


   Skills:
 + Level 0.5 Fighting
 + Level 1.8 Short Blades
 - Level 2.4 Dodging
 + Level 4.3 Stealth
 + Level 2.3 Spellcasting
 * Level 3.3 Hexes


You had 3 spell levels left.
You knew the following spells:

 Your Spells              Type           Power      Damage    Failure   Level
a - Ensorcelled Hibernat  Hex/Ice        14%        N/A       16%         2

Your spell library contained the following spells:

 Spells                   Type           Power      Damage    Failure   Level
 Confusing Touch          Hex            12%        N/A       16%         3
 Tukima's Dance           Hex            12%        N/A       16%         3
 Magic Dart               Conj           4%         1d3       21%         1
 Call Imp                 Summ           1%         N/A       30%         2
 Sublimation of Blood     Necr           1%         N/A       30%         2
 Wereblood                Tmut           1%         N/A       30%         2
 Dazzling Flash           Conj/Hex       14%        N/A       30%         3
 Mephitic Cloud           Conj/Pois/Air  1%         N/A       52%         3
 Ozocubu's Armour         Ice            1%         N/A       52%         3
 Metabolic Englaciation   Hex/Ice        3%         N/A       95%         5
 Simulacrum               Ice/Necr       0%         N/A       100%        6
 Summon Hydra             Summ           0%         N/A       100%        7


Dungeon Overview and Level Annotations

Branches:
Dungeon (1/15)

Altars:


Innate Abilities, Weirdness & Mutations

You are small and have problems with some larger weapons.
You are completely attuned to the shadows.


Message History

h - a ring of poison resistance
h - a ring of poison resistance (right hand)
Things that are here:
a +0 short sword; a kobold corpse A quokka comes into view.
The helpless quokka fails to defend itself.
You impale the quokka!!
You kill the quokka!
You see here a quokka corpse.
An endoplasm comes into view.
Save game and exit?
Welcome back, samcosmo the Kobold Enchanter.
Press ? for a list of commands and other information.
The endoplasm quivers.
The endoplasm freezes you.
You are frozen.
You hit the endoplasm.
The endoplasm is moderately wounded.
The endoplasm freezes you.
You are frozen.
You are too injured to fight recklessly!
You are too injured to fight recklessly!
You hit the endoplasm but do no damage.
The endoplasm is moderately wounded.
The endoplasm freezes you.
You are frozen.
* * * LOW HITPOINT WARNING * * *
You hit the endoplasm but do no damage.
The endoplasm is moderately wounded.
The endoplasm hits you.
* * * LOW HITPOINT WARNING * * *
It was a potion of flight.
You feel more buoyant. The endoplasm hits you.
* * * LOW HITPOINT WARNING * * *
You hit the endoplasm.
The endoplasm is heavily wounded.
The endoplasm freezes you.
You are frozen.
You die...

#..........)....#
#......>.......##
#.#.##.........#
##.#.##..†.....##
#....##........#
#..####........#
#..####.########
#....... #@######
#.J..# ####.# #


You could see an endoplasm.

Vanquished Creatures
  A dart slug (D:1)
  An endoplasm (D:1)
  A goblin (D:1)
  3 hobgoblins (D:1)
  2 kobolds (D:1)
  2 quokkas (D:1)
  3 rats (D:1)
13 creatures vanquished.

Notes
Turn   | Place    | Note
-------+----------+-------------------------------------------
     0 | D:1      | samcosmo the Kobold Enchanter began the quest for the Orb.
     0 | D:1      | Reached XP level 1. HP: 10/10 MP: 3/3
   221 | D:1      | Reached XP level 2. HP: 15/15 MP: 5/5
   224 | D:1      | Learned a level 2 spell: Ensorcelled Hibernation
   522 | D:1      | Frozen to death by an endoplasm

Illustrated notes

Levels and vault maps discovered:
D:1:      zelgadis_glass_arrival_small, layout_loops_cross, minmay_pentomino_s4

Action                   || total
-------------------------++-------
Melee: Dagger            ||    27
  Use: Potion            ||     1
 Stab: Sleeping          ||    10
Armor: Robe              ||     1
Dodge: Dodged            ||     6
